 Dungeon Crawl Stone Soup version 0.29-a0-559-g359e09b9d1 (webtiles) character file.

Game seed: 17082505867519320550

7725 lunkers the Geomancer (level 10, 0/69 HPs)
             Began as a Demigod Earth Elementalist on June 9, 2022.
             Engulfed by an ice statue's freezing vapour (13 damage)
             ... in an ice cave on June 16, 2022.
             The game lasted 00:20:15 (13536 turns).

lunkers the Geomancer (Demigod Earth Elementalist) Turns: 13536, Time: 00:20:16

Health: 0/69       AC:  8    Str:  9    XL:     10   Next: 68%
Magic:  9/24       EV: 16    Int: 35    God:
Gold:   1249       SH:  0    Dex: 14    Spells: 5/22 levels left

rFire   . . .      SeeInvis .   a - +0 bardiche of the Original Sin {spect, Int+6}
rCold   + . .      Faith    .   (shield currently unavailable)
rNeg    . . .      Spirit   .   v - +0 robe
rPois   .          Reflect  .   (no helmet)
rElec   .          Harm     .   p - +0 cloak
rCorr   .          Rampage  .   e - +2 pair of gloves
Will    +....                   C - +1 pair of boots
Stlth   ++........              (no amulet)
HPRegen 0.21/turn               d - +4 ring of evasion
MPRegen 0.19/turn               z - ring of protection from cold

@: no status effects
A: high MP 1, forlorn, divine attributes
a: no special abilities


You were in an ice cave.
You visited 1 branch of the dungeon, and saw 11 of its levels.
You also visited: Ice Cave.

You collected 1303 gold pieces.
You spent 54 gold pieces at shops.

Inventory:

Hand Weapons
 a - the +0 bardiche of the Original Sin (weapon) {spect, Int+6}
   (You found it on level 11 of the Dungeon)

   When its wielder attacks, the weapon's spirit leaps out and strikes again.
   The spirit shares a part of any damage it takes with its wielder.
   Int:       It affects your intelligence (+6).
 q - a +0 dagger of freezing
 s - a +1 short sword of protection
 D - a +2 dagger of venom
 E - a +0 dagger of pain
 J - a +2 long sword of holy wrath
Missiles
 o - 190 stones
Armour
 e - a +2 pair of gloves (worn)
 p - a +0 cloak (worn)
 v - a +0 robe (worn)
 C - a +1 pair of boots (worn)
Magical Staves
 b - a staff of earth
Jewellery
 d - a +4 ring of evasion (left hand)
 g - a +4 ring of evasion
 h - a ring of poison resistance
 z - a ring of protection from cold (right hand)
Wands
 m - a wand of flame (18)
 y - a wand of polymorph (8)
 G - a wand of acid (7)
 K - a wand of iceblast (2)
Scrolls
 l - a scroll of brand weapon
 n - 2 scrolls of enchant weapon
 t - a scroll of poison
 B - a scroll of magic mapping
Potions
 c - 2 potions of magic
 f - 2 potions of lignification
 i - 3 potions of resistance
 k - 3 potions of curing
 r - a potion of heal wounds
 u - 3 potions of haste
 x - a potion of brilliance {unknown}
 A - a potion of berserk rage {unknown}
 F - a potion of degeneration {unknown}
 H - a potion of ambrosia {unknown}
Miscellaneous
 L - a lightning rod (4/4)


   Skills:
 - Level 1.7 Dodging
 - Level 1.7 Stealth
 + Level 6.7 Spellcasting
 * Level 9.6 Conjurations
 - Level 0.8 Transmutations
 * Level 10.4 Earth Magic


You had 5 spell levels left.
You knew the following spells:

 Your Spells              Type           Power      Damage    Failure   Level
a - Stone Arrow           Conj/Erth      100%       3d13      1%          3
b - Passwall              Tmut/Erth      42%        N/A       1%          2
c - Sandblast             Erth           100%       2d20      1%          1
d - Borgnjor's Vile Clut  Necr/Erth      24%        N/A       11%         5
e - Iron Shot             Conj/Erth      35%        9d7       9%          6

Your spell library contained the following spells:

 Spells                   Type           Power      Damage    Failure   Level
 Shock                    Conj/Air       100%       1d9       1%          1
 Mephitic Cloud           Conj/Pois/Air  34%        N/A       2%          3
 Freeze                   Ice            44%        1d6       3%          1
 Petrify                  Tmut/Erth      51%        N/A       3%          4
 Animate Armour           Summ/Erth      96%        N/A       4%          4
 Hailstorm                Conj/Ice       45%        3d10      4%          4
 Ignite Poison            Fire/Tmut/Pois 13%        N/A       10%         3
 Frozen Ramparts          Ice            22%        1d4       11%         3
 Portal Projectile        Hex/Tloc       22%        N/A       11%         3
 Swiftness                Air            11%        N/A       11%         3
 Tukima's Dance           Hex            11%        N/A       11%         3
 Freezing Cloud           Conj/Ice/Air   17%        6-21      26%         5
 Airstrike                Air            5%         N/A       34%         4
 Animate Dead             Necr           11%        N/A       34%         4
 Blade Hands              Tmut           8%         N/A       56%         5
 Death Channel            Necr           5%         N/A       99%         6


Dungeon Overview and Level Annotations

Branches:
Dungeon (11/15)            Temple (0/1) D:6            Lair (0/6) D:8
  IceCv (1/1)
    Orc: D:9-12

Shops:
D:2 =   D:4 *   D:5 ?   D:7 (

Portals:
Abyss: D:5

Annotations:
D:5 2 transporters, donath's ghost, weakling DsDe
D:8 2 transporters, exclusion: oklob plant, ptdevnull's ghost, novice HuNe
D:9 2 transporters, NateTC's ghost, novice TrTm IceCv exclusion: 2 ice statues


Innate Abilities, Weirdness & Mutations

You have an increased reservoir of magic. (+10% MP)
You shall have no god before yourself.
Your divine heritage dramatically boosts your attributes as you level up.


Message History

Aim: an ice statue (moderately damaged, 100% to hit)
The stone arrow hits the ice statue!
The ice statue is heavily damaged.
You are engulfed in freezing vapours.
You resist. The ice statue gestures at you. The bolt of cold hits you!
You resist.
Unknown command.
Casting: Stone Arrow (safe; 1% risk of failure)
Confirm with . or Enter, or press ? or * to list all spells.
Aiming: Stone Arrow (safe; 1% risk of failure)
Press: ? - help, Shift-Dir - straight line, f/p - ice statue
Aim: an ice statue (heavily damaged, 100% to hit)
The stone arrow hits the ice statue.
The ice statue is heavily damaged.
You are engulfed in freezing vapours.
You resist.
* * * LOW HITPOINT WARNING * * *
The ice beast hits you but does no damage.
Unknown command.
Casting: Stone Arrow (safe; 1% risk of failure)
Confirm with . or Enter, or press ? or * to list all spells.
Aiming: Stone Arrow (safe; 1% risk of failure)
Press: ? - help, Shift-Dir - straight line, f/p - ice statue
Aim: an ice statue (heavily damaged, 100% to hit)
The stone arrow hits the ice statue!
The ice statue is severely damaged.
You are engulfed in freezing vapours.
You resist.
* * * LOW HITPOINT WARNING * * *
The ice beast hits you.
* * * LOW HITPOINT WARNING * * *
The ice beast freezes you. You resist.
* * * LOW HITPOINT WARNING * * *
Casting: Stone Arrow (safe; 1% risk of failure)
Confirm with . or Enter, or press ? or * to list all spells.
Aiming: Stone Arrow (safe; 1% risk of failure)
Press: ? - help, Shift-Dir - straight line, f/p - ice statue
Aim: an ice statue (severely damaged, 100% to hit)
The stone arrow hits the ice statue!!
The ice statue is almost destroyed.
You are engulfed in freezing vapours.
You resist.
You die...

##### .....##
.......## ........#
........8 ####
........## ##..##
.....○.☼°######....##
......°@☼..##.......#
..⌠...○Y........∩∩..#
....................#
.........##..##....##
........########..##
........8 ####
........## .......##
.....##


You could see 2 ice statues and an ice beast (summoned).

Vanquished Creatures
  A two-headed ogre (D:10)
  A tengu warrior (D:10)
  A kobold demonologist (D:9)
  2 rime drakes (D:11)
  A komodo dragon (D:10)
  2 ice devils (IceCv)
  A hornet (D:10)
  A wyvern (D:9)
  2 shadows (D:10)
  3 yaks (D:9)
  3 wargs (D:8)
  4 water moccasins
  2 black bears
  An ice beast (D:6)
  2 orc warriors
  2 ogres
  3 centaurs
  A phantom (D:6)
  5 kobold brigands
  A necrophage (D:6)
  3 scorpions
  A cane toad simulacrum (IceCv)
  A two-headed ogre simulacrum (IceCv)
  11 wights (D:9)
  An elephant simulacrum (IceCv)
  3 howler monkeys
  A jelly (D:5)
  4 hounds
  9 orc priests
  Jessica (D:3)
  An iguana (D:4)
  5 orc wizards
  A troll simulacrum (IceCv)
  3 river rats (D:3)
  6 adders
  A naga simulacrum (IceCv)
  3 white imps
  3 worms (D:3)
  3 dart slugs
  34 orcs
  2 ball pythons (D:1)
  4 bats
  4 endoplasms
  9 giant cockroaches
  4 goblins
  12 hobgoblins
  4 quokkas
  2 frilled lizards
  28 kobolds
  8 rats
211 creatures vanquished.

Vanquished Creatures (others)
  An orc wizard (D:8)
1 creature vanquished.

Grand Total: 212 creatures vanquished

Notes
Turn   | Place    | Note
-------+----------+-------------------------------------------
     0 | D:1      | lunkers the Demigod Earth Elementalist began the quest for
                  | the Orb.
     0 | D:1      | Reached XP level 1. HP: 14/14 MP: 5/5
   219 | D:1      | Reached skill level 3 in Earth Magic
   311 | D:1      | You fall into a shaft and drop 1 floor!
   348 | D:2      | Reached XP level 2. HP: 20/20 MP: 4/7
   954 | D:1      | Reached XP level 3. HP: 26/26 MP: 7/9
  1361 | D:1      | Learned a level 2 spell: Passwall
  1365 | D:1      | Learned a level 3 spell: Stone Arrow
  1977 | D:2      | Found Oqibriwo's Jewellery Shoppe.
  2754 | D:3      | Reached skill level 4 in Earth Magic
  2754 | D:3      | Reached XP level 4. HP: 12/33 MP: 0/10
  3013 | D:3      | Reached skill level 1 in Conjurations
  3182 | D:3      | Noticed Jessica
  3186 | D:3      | Killed Jessica
  3579 | D:3      | Reached XP level 5. HP: 38/38 MP: 1/12
  4166 | D:4      | Noticed an ogre
  4183 | D:4      | Killed an ogre
  4291 | D:4      | Reached XP level 6. HP: 45/45 MP: 6/13
  4400 | D:4      | Reached skill level 5 in Earth Magic
  4626 | D:4      | Found Liaffe's Assorted Antiques.
  5088 | D:4      | Bought a viscous pink potion for 27 gold pieces
  5088 | D:4      | Bought a dark potion for 27 gold pieces
  5088 | D:4      | Identified a scroll of acquirement
  5088 | D:4      | Acquired 595 gold pieces
  5415 | D:5      | Entered Level 5 of the Dungeon
  5539 | D:5      | Found Gicriett's Magic Scroll Emporium.
  5609 | D:5      | Noticed a small abomination
  5751 | D:5      | Found a transporter.
  5754 | D:5      | Noticed donath's ghost (weakling DsDe)
  5767 | D:5      | Found a transporter.
  5768 | D:5      | Found a one-way gate to the infinite horrors of the Abyss.
  5863 | D:5      | Noticed a water moccasin
  5868 | D:5      | Killed a water moccasin
  5869 | D:5      | Reached XP level 7. HP: 50/50 MP: 8/15
  6540 | D:5      | Reached skill level 6 in Earth Magic
  6796 | D:6      | Found a staircase to the Ecumenical Temple.
  6983 | D:6      | Reached skill level 5 in Conjurations
  6984 | D:6      | Reached XP level 8. HP: 57/57 MP: 4/17
  7365 | D:6      | Reached skill level 7 in Earth Magic
  7786 | D:7      | Found Toguexau's Antique Weapon Shoppe.
  9465 | D:8      | Noticed a slime creature
  9469 | D:8      | Noticed a two-headed ogre
  9474 | D:8      | Noticed a slime creature
  9599 | D:8      | Noticed ptdevnull's ghost (novice HuNe)
  9601 | D:8      | Found a transporter.
  9606 | D:8      | Found a transporter.
  9610 | D:8      | Noticed an oklob plant
  9706 | D:8      | Reached skill level 5 in Spellcasting
  9828 | D:8      | Reached XP level 9. HP: 60/62 MP: 16/20
  9859 | D:8      | Reached skill level 8 in Earth Magic
  9999 | D:8      | Found a staircase to the Lair.
 10345 | D:8      | Learned a level 5 spell: Borgnjor's Vile Clutch
 10352 | D:8      | Learned a level 6 spell: Iron Shot
 10670 | D:8      | Identified the +11 broad axe "Voiz" {flame, Str+6 Dex-3}
 10818 | D:9      | Noticed a kobold demonologist
 10823 | D:9      | Killed a kobold demonologist
 10870 | D:9      | Found Falor's Antique Weapon Shop.
 10885 | D:9      | Reached skill level 9 in Earth Magic
 11020 | D:9      | Noticed an ice dragon
 11020 | D:9      | Noticed a seven-headed hydra
 11020 | D:9      | Noticed a moth of wrath
 11020 | D:9      | Noticed NateTC's ghost (novice TrTm)
 11021 | D:9      | Found a transporter.
 11400 | D:9      | Found a transporter.
 11414 | D:9      | Noticed a komodo dragon
 11414 | D:9      | Noticed a komodo dragon
 12068 | D:10     | Entered Level 10 of the Dungeon
 12094 | D:10     | Noticed a tengu warrior
 12101 | D:10     | Killed a tengu warrior
 12102 | D:10     | Reached XP level 10. HP: 39/69 MP: 4/23
 12443 | D:10     | Noticed a two-headed ogre
 12448 | D:10     | Killed a two-headed ogre
 12465 | D:10     | Reached skill level 10 in Earth Magic
 13069 | D:11     | Found a frozen archway.
 13169 | D:11     | Identified the +0 bardiche of the Original Sin {spect,
                  | Int+6}
 13190 | IceCv    | Entered an ice cave
 13505 | IceCv    | Noticed an ice statue
 13505 | IceCv    | Noticed an ice statue
 13536 | IceCv    | Engulfed by an ice statue's freezing vapour

Illustrated notes

Levels and vault maps discovered:
D:1:      dpeg_arrival_arbitrary_a, layout_basic, ebering_ecumenical_altar_mist,
          grunt_decor_clamped, minmay_hexomino_u4
D:2:      layout_basic, serial_shops, nicolae_shop_behind_doors
D:3:      layout_loops_ring, mainiacjoe_overflow_small_starburst,
          mainiacjoe_overflow_alcove_1, lightli_sewer_entry_pipes,
          minmay_box_of_dots, uniq_jessica
D:4:      layout_basic, mainiacjoe_overflow_alcove_4, elyvilon_altar_1,
          serial_shops, nicolae_diamond_shop
D:5:      layout_loops_ring, serial_shops,
          nicolae_shop_temple_entry_statues_fountains,
          gammafunk_ghost_abyssal_escape, minmay_misc_feat_ornament
D:6:      layout_loops_ring, amcnicky_altar_gilded, minmay_temple_entry_wispy,
          hangedman_decor_peaks_small, grunt_ministairs_13
D:7:      layout_layer_cave, kennysheep_mini, serial_shops,
          nicolae_stop_n_shop_1
D:8:      layout_loops_cross, nicolae_gozag_seed_capital,
          erik_lair_orcish_takeover, nzn_ghost_randoct
D:9:      layout_roguey, lemuel_tele_altar, gammafunk_ghost_berserking_beasts,
          serial_shops, shop
D:10:     layout_basic, dreamdust_mushroom_princess
D:11:     layout_irregular_city, portal_ice_cave_rime
IceCv:    ice_cave_tombish

Skill      XL: |  1  2  3  4  5  6  7  8  9 10 |
---------------+-------------------------------+-----
Earth Magic    | 3 4 5 6 7 9 10 | 10.4
Spellcasting   | 2 3 4 5 6 |  6.7
Conjurations   | 1 2 4 5 6 8 9 |  9.6
Dodging        | |  1.7
Stealth        | |  1.7
Transmutations | |  0.8

Action                   |  1- 3 |  4- 6 |  7- 9 | 10-12 || total
-------------------------+-------+-------+-------+-------++-------
Melee: Unarmed           |    81 |       |       |       ||    81
       Punch             |     2 |       |       |       ||     2
       Dagger            |       |       |     6 |       ||     6
       Short sword       |       |       |    34 |       ||    34
       Bardiche          |       |       |       |     7 ||     7
 Cast: Sandblast         |    47 |    15 |    25 |     1 ||    88
       Stone Arrow       |    26 |    60 |   141 |    29 ||   256
       Borgnjor's Vile C |       |       |       |    10 ||    10
  Use: Scroll            |       |     8 |       |     9 ||    17
Armor: Robe              |     8 |     6 |    17 |     2 ||    33
Dodge: Dodged            |    92 |    41 |    91 |     9 ||   233

Table legend: (Time is in decaauts)
 A = Elapsed time spent in this place.
 B = Non-inter-level travel time spent in this place.
 C = Inter-level travel time spent in this place.
 D = Time resting spent in this place.
 E = Time spent auto-exploring this place.
 F = Levels seen in this place.
 G = Mean time per level.
                   A        B        C        D        E       F      G
               +--------+--------+--------+--------+--------+-----+--------+
         Total |  13595 |  13360 |    235 |    818 |  10872 |  12 | 1132.9 |
       Dungeon |  13243 |  13008 |    235 |    799 |  10601 |  11 | 1203.9 |
      Ice Cave |    352 |    352 |      0 |     19 |    271 |   1 |  352.0 |
               +--------+--------+--------+--------+--------+-----+--------+

Top non-repeatable levels by time:
     D:3: 2032 daAuts
     D:7: 1617 daAuts
     D:1: 1520 daAuts
     D:4: 1380 daAuts
     D:8: 1349 daAuts
     D:9: 1318 daAuts
     D:6: 1195 daAuts
     D:5: 1174 daAuts
    D:10: 999 daAuts
     D:2: 535 daAuts
   IceCv: 352 daAuts
    D:11: 119 daAuts
